 Dungeon Crawl Stone Soup version 0.26-a0-520-g952f204493 (webtiles) character file.

Game seed: 15518670994175075575

4479 MrRokkomies the Tainter (level 9, -4/62 HPs)
             Began as a Demigod Venom Mage on Aug 12, 2020.
             Slain by a yak (17 damage)
             ... on level 9 of the Dungeon.
             The game lasted 00:17:37 (9872 turns).

MrRokkomies the Tainter (Demigod Venom Mage)        Turns: 9872, Time: 00:17:38

Health: -4/62      AC:  7    Str: 21    XL:     9   Next: 94%
Magic:  16/20      EV: 15    Int: 28    God:
Gold:   483        SH:  0    Dex: 10    Spells: 5/18 levels left

rFire    + + .     SeeInvis .   q - +5 quarterstaff (chaos)
rCold    + . .     Faith    .   (shield currently unavailable)
rNeg     . . .     Spirit   .   L - +0 robe {rC+}
rPois    +         Reflect  .   (helmet restricted)
rElec    +         Harm     .   b - +2 cloak
rCorr    .                      g - +0 pair of gloves
MR       +....                  F - +0 pair of boots
Stlth    +.........             (no amulet)
HPRegen  0.20/turn              h - ring "Hafuuguh" {rPois Str+8 Int+3 Dex-2 Stlth-}
MPRegen  0.17/turn              C - ring of Lustitwi {rElec rF++ MR+ Dex-4 Stlth+}

@: drained
A: horns 1, high mp 1, strong 1, sturdy frame 1
a: no special abilities


You were on level 9 of the Dungeon.
You visited 1 branch of the dungeon, and saw 9 of its levels.
You also visited: Sewer.

You collected 483 gold pieces.

Inventory:

Hand Weapons
 j - a +1 scimitar of flaming
 q - a +5 quarterstaff of chaos (weapon)
 K - a +0 bardiche
 O - a +5 morningstar
Missiles
 m - 66 poisoned darts (quivered)
 x - 3 javelins
 N - 2 boomerangs
Armour
 b - a +2 cloak (worn)
 g - a +0 pair of gloves (worn)
 o - a +0 helmet
 F - a +0 pair of boots (worn)
 L - a +0 robe of cold resistance (worn)
Jewellery
 d - a +4 ring of protection
 e - a +6 ring of strength
 h - the ring "Hafuuguh" (left hand) {rPois Str+8 Int+3 Dex-2 Stlth-}
   (You acquired it on level 7 of the Dungeon)

   [ring of poison resistance]

   It affects your strength (+8).
   It affects your intelligence (+3).
   It affects your dexterity (-2).
   It protects you from poison.
   It makes you less stealthy.
 s - an uncursed ring of fire
 w - an uncursed ring of wizardry
 C - the ring of Lustitwi (right hand) {rElec rF++ MR+ Dex-4 Stlth+}
   (You acquired it on level 5 of the Dungeon)

   [ring of stealth]

   It affects your dexterity (-4).
   It greatly protects you from fire.
   It insulates you from electricity.
   It affects your resistance to hostile enchantments.
   It makes you more stealthy.
 S - an uncursed ring of magical power {unknown}
Wands
 a - a wand of polymorph (8)
 r - a wand of disintegration (15)
 t - a wand of flame (36)
 M - a wand of acid (11)
 P - a wand of paralysis (7)
Scrolls
 c - 3 scrolls of identify
 f - 6 scrolls of teleportation
 i - 2 scrolls of remove curse
 k - 2 scrolls of amnesia
 y - a scroll of blinking
 D - a scroll of magic mapping
 I - 2 scrolls of immolation
 J - a scroll of enchant weapon
Potions
 l - 2 potions of haste
 n - 4 potions of might
 p - 3 potions of brilliance
 u - 2 potions of heal wounds
 v - 3 potions of flight
 z - 2 potions of berserk rage
 A - a potion of ambrosia
 B - a potion of mutation
 E - 8 potions of curing
 G - a potion of magic
 H - a potion of stabbing
 Q - a potion of invisibility {unknown}
Miscellaneous
 R - a tin of tremorstones (3/3)


   Skills:
 * Level 8.7(8.0) Dodging
 - Level 1.7(1.1) Stealth
 - Level 5.0(4.3) Spellcasting
 - Level 4.0(3.3) Transmutations
 * Level 8.9(8.2) Poison Magic


You had 5 spell levels left.
You knew the following spells:

 Your Spells              Type           Power        Failure   Level
a - Sting                 Tmut/Pois      ####         1%          1
b - Poisonous Vapours     Pois/Air       ####..       1%          2
c - Mephitic Cloud        Conj/Pois/Air  ###.....     7%          3
d - Ignite Poison         Fire/Tmut/Pois ####....     4%          3
e - Olgreb's Toxic Radia  Pois           ######..     2%          4

Your spell library contained the following spells:

 Spells                   Type           Power        Failure   Level


Dungeon Overview and Level Annotations

Branches:
Dungeon (9/15)             Temple (0/1) D:4             Orc (0/2) D:9
  Sewer (visited)
   Lair: D:8-11

Annotations:
D:4 2 runed translucent doors, hemabe71's ghost, amateur HuAr


Innate Abilities, Weirdness & Mutations

You have an increased reservoir of magic. (+10% MP)
You have a pair of small horns on your head.
Your muscles are strong. (Str +2)
Your movements are slightly less encumbered by armour. (ER -2)


Message History

A yak comes into view.
The yak barely misses you. The yak gores you!
You are too injured to fight recklessly!
The yak is no longer moving slowly.
The yak gores you!
Casting: Ignite Poison (dangerous; 4% risk of failure)
Confirm with . or Enter, or press ? or * to list all spells.
You begin to radiate toxic energy.
The yak is poisoned. x4
The yak looks even sicker. x2; The yak gores you.
Unknown command.
You hit the yak. You headbutt the yak!
The yak is heavily wounded.
The yak looks even sicker. x3; The yak is poisoned.
The yak looks even sicker.
Your toxic aura wanes.
The yak gores you. The yak gores you!
* * * LOW HITPOINT WARNING * * *
You sock the yak!
The yak seems to speed up.
You headbutt the yak, but do no damage.
The yak is almost dead.
The yak gores you but does no damage. The yak gores you!
You die...

#####....#.#...#.#
#########..
.........# #...#.#
.....)...
####.##### #.#.#.#
#######..
)........... #.#
#.. .###.#####..
#.# #.. #.# #.#
#.. ... #.# #.#
#.# #.# #.# #.#
#@# #.# #.# #Y#
#># #Y# #.# #Y#
#.# #Y# ..#
#Y..YY# #####....
..


You could see 5 yaks.

Vanquished Creatures
  Erica (D:8)
  A two-headed ogre (D:8)
  Maurice (D:8)
  Prince Ribbit (D:7)
  Duvessa (D:7)
  An ice beast (D:5)
  A black bear (D:8)
  7 ogres
  2 centaurs
  2 big kobolds
  5 bullfrogs
  Dowan (D:7)
  A scorpion (D:9)
  A killer bee (D:5)
  3 wights (D:9)
  2 centaur zombies
  2 orc priests
  5 orc wizards
  Crazy Yiuf (D:3)
  A bullfrog skeleton (D:8)
  2 hounds
  An iguana (D:4)
  5 worker ants
  A mummy (D:8)
  4 gnolls (D:4)
  7 adders
  A river rat (D:6)
  2 shadow imps
  3 white imps
  4 oozes
  An adder zombie (D:6)
  An adder skeleton (D:4)
  A dart slug (D:3)
  5 leopard geckos
  27 orcs
  A ball python (Sewer)
  5 giant cockroaches
  9 goblins
  4 hobgoblins
  21 jackals
  33 kobolds
  2 quokkas
  A ball python skeleton (D:6)
  13 bats
  4 frilled lizards
  A quokka skeleton (D:4)
  19 rats
218 creatures vanquished.

Vanquished Creatures (others)
  A wight (D:9)
1 creature vanquished.

Grand Total: 219 creatures vanquished

Notes
Turn   | Place    | Note
-------+----------+-------------------------------------------
     0 | D:1      | MrRokkomies the Demigod Venom Mage began the quest for the
                  | Orb.
     0 | D:1      | Reached XP level 1. HP: 14/14 MP: 5/5
    26 | D:1      | Reached skill level 1 in Transmutations
   303 | D:1      | Reached XP level 2. HP: 18/20 MP: 7/7
   939 | D:1      | Reached XP level 3. HP: 23/26 MP: 3/8
  1304 | D:2      | Learned a level 2 spell: Poisonous Vapours
  1324 | D:2      | Found a bloodstained altar of Trog.
  1796 | D:2      | Found an ornate altar of the Wu Jian Council.
  2383 | D:3      | Reached XP level 4. HP: 33/33 MP: 9/9
  2825 | D:3      | Noticed an ogre
  2841 | D:3      | Killed an ogre
  2841 | D:3      | Reached XP level 5. HP: 7/38 MP: 3/10
  3380 | D:3      | Found a runed translucent door.
  3381 | D:3      | Noticed Crazy Yiuf
  3544 | D:3      | Killed Crazy Yiuf
  3876 | D:4      | Found a large runed translucent door.
  3876 | D:4      | Found a large runed translucent door.
  3880 | D:4      | Noticed hemabe71's ghost (amateur HuAr)
  3909 | D:4      | Found a staircase to the Ecumenical Temple.
  4181 | D:4      | Noticed an ogre
  4187 | D:4      | Killed an ogre
  4187 | D:4      | Reached XP level 6. HP: 45/45 MP: 1/12
  4352 | D:4      | Found a sparkling altar of Nemelex Xobeh.
  4727 | D:4      | Found an ancient bone altar of Kikubaaqudgha.
  4739 | D:4      | Reached skill level 5 in Poison Magic
  4739 | D:4      | Reached XP level 7. HP: 50/50 MP: 6/14
  4836 | D:4      | Found a shimmering blue altar of Sif Muna.
  5001 | D:4      | Learned a level 3 spell: Mephitic Cloud
  5005 | D:4      | Learned a level 3 spell: Ignite Poison
  5025 | D:5      | Entered Level 5 of the Dungeon
  5277 | D:5      | Found a glowing golden altar of the Shining One.
  5293 | D:5      | Reached skill level 5 in Dodging
  5851 | D:5      | Reached XP level 8. HP: 57/57 MP: 7/16
  6228 | D:5      | Identified a scroll of acquirement
  6228 | D:5      | Acquired the ring of Lustitwi {rElec rF++ MR+ Dex-4 Stlth+}
  6644 | D:6      | Found a glowing drain.
  6648 | Sewer    | Entered a sewer
  6699 | Sewer    | Learned a level 4 spell: Olgreb's Toxic Radiance
  7499 | D:7      | Found an iron altar of Okawaru.
  7521 | D:7      | Noticed Prince Ribbit
  7536 | D:7      | Killed Prince Ribbit
  7666 | D:7      | Noticed Duvessa
  7667 | D:7      | Noticed Dowan
  7678 | D:7      | Killed Dowan
  7684 | D:7      | Killed Duvessa
  7686 | D:7      | Found a bloodstained altar of Trog.
  8239 | D:7      | Acquired the ring "Hafuuguh" {rPois Str+8 Int+3 Dex-2
                  | Stlth-}
  8315 | D:8      | Noticed Erica
  8324 | D:8      | Killed Erica
  8324 | D:8      | Reached XP level 9. HP: 62/62 MP: 4/19
  8624 | D:8      | Noticed a two-headed ogre
  8633 | D:8      | Killed a two-headed ogre
  8633 | D:8      | Reached skill level 5 in Spellcasting
  8809 | D:8      | Found a snail-covered altar of Cheibriados.
  8869 | D:8      | Noticed Maurice
  8876 | D:8      | Killed Maurice
  9076 | D:9      | Gained mutation: You have sharp fingernails. [potion of
                  | mutation]
  9076 | D:9      | Gained mutation: Your spells are a little harder to cast,
                  | but a little more powerful. [potion of mutation]
  9077 | D:9      | Lost mutation: Your spells are a little harder to cast, but
                  | a little more powerful. [potion of mutation]
  9077 | D:9      | Lost mutation: You have sharp fingernails. [potion of
                  | mutation]
  9077 | D:9      | Gained mutation: Your muscles are strong. (Str +2) [potion
                  | of mutation]
  9077 | D:9      | Gained mutation: You have a pair of small horns on your
                  | head. [potion of mutation]
  9077 | D:9      | Gained mutation: Your movements are slightly less
                  | encumbered by armour. (ER -2) [potion of mutation]
  9746 | D:9      | Found a staircase to the Orcish Mines.
  9872 | D:9      | Slain by a yak

Illustrated notes

Levels and vault maps discovered:
D:1:      mushboom_english_gardens, layout_basic
D:2:      minmay_door_path, layout_basic, lemuel_doored_altar,
          trog_three_pillars_becter
D:3:      layout_basic, uniq_crazy_yiuf_cottage
D:4:      layout_basic, nicolae_overflow_crystal_walls, led_sif_pool,
          nemelex_xobeh_ov_fountains_minmay, minmay_temple_entry_tees,
          ebering_ghost_disaster_area
D:5:      layout_gridville, tso_oasis_becter, minmay_crystal_water
D:6:      layout_rooms, gup_sewer_entry_spiral
D:7:      layout_loops_ring, old_standard_altar, trog_book, uniq_prince_ribbit1,
          uniq_duvessa
D:8:      layout_loops_ring, slow_altar_2, uniq_maurice, uniq_erica
D:9:      layout_basic, orc_0_dummy

Skill      XL: |  1  2  3  4  5  6  7  8  9 |
---------------+----------------------------+-----
Transmutations | 1 2 3 4 |  4.0
Dodging        | 2 3 4 5 7 8 |  8.7
Poison Magic   | 3 4 5 6 7 8 |  8.9
Spellcasting   | 2 3 4 5 |  5.0
Stealth        | |  1.7

Action                   |  1- 3 |  4- 6 |  7- 9 || total
-------------------------+-------+-------+-------++-------
Melee: Short sword       |    63 |       |       ||    63
       Mace              |    28 |       |       ||    28
       Dagger            |    86 |    56 |       ||   142
       Quarterstaff      |       |    36 |   370 ||   406
       Headbutt          |       |       |     8 ||     8
 Cast: Sting             |    24 |    23 |    11 ||    58
       Poisonous Vapours |     3 |    12 |    37 ||    52
       Ignite Poison     |       |       |     6 ||     6
       Mephitic Cloud    |       |       |     1 ||     1
       Olgreb's Toxic Ra |       |       |     2 ||     2
Evoke: Wand              |       |       |     1 ||     1
  Use: Scroll            |     3 |     7 |    11 ||    21
       Potion            |       |       |     3 ||     3
 Stab: Sleeping          |     5 |     2 |     7 ||    14
Armor: Robe              |    77 |    29 |   181 ||   287
Dodge: Dodged            |   126 |    76 |   424 ||   626

Table legend: (Time is in decaauts)
 A = Elapsed time spent in this place.
 B = Non-inter-level travel time spent in this place.
 C = Inter-level travel time spent in this place.
 D = Time resting spent in this place.
 E = Time spent auto-exploring this place.
 F = Levels seen in this place.
 G = Mean time per level.
                   A        B        C        D        E       F      G
               +--------+--------+--------+--------+--------+-----+--------+
         Total |  10058 |   9740 |    318 |    903 |   7006 |  10 | 1005.8 |
       Dungeon |   9594 |   9276 |    318 |    873 |   6780 |   9 | 1066.0 |
         Sewer |    463 |    463 |      0 |     30 |    225 |   1 |  463.0 |
               +--------+--------+--------+--------+--------+-----+--------+

Top non-repeatable levels by time:
     D:3: 1431 daAuts
     D:5: 1350 daAuts
     D:1: 1303 daAuts
     D:4: 1218 daAuts
     D:2: 1093 daAuts
     D:7: 948 daAuts
     D:9: 822 daAuts
     D:8: 766 daAuts
     D:6: 661 daAuts
   Sewer: 463 daAuts
